 Dungeon Crawl Stone Soup version 0.25-a0-294-gea9b1ad378 (webtiles) character file.

Game seed: 438399112372066535, levelgen mode: classic

30961 Borgoz the Swashbuckler (level 13, -2/88 HPs)
             Began as a Kobold Gladiator on Dec 16, 2019.
             Was an Elder of Ashenzari.
             Splashed by an oklob plant's acid (14 damage)
             ... on level 11 of the Dungeon.
             The game lasted 00:35:10 (17341 turns).

Borgoz the Swashbuckler (Kobold Gladiator)         Turns: 17341, Time: 00:35:11

Health: -2/88      AC:  6    Str: 16    XL:     13   Next: 92%
Magic:  13/13      EV: 26    Int:  9    God:    Ashenzari [****..]
Gold:   1222       SH:  0    Dex: 17    Spells: 12/12 levels left

rFire    . . .     SeeInvis +   c - +10 short sword of the Endless March {pain, MR+}
rCold    . . .     Gourm    .   (shield restricted)
rNeg     . . .     Faith    .   R - +2 troll leather armour {Snorg}
rPois    .         Spirit   .   e - +2 hat
rElec    .         Reflect  .   y - +2 cloak
rCorr    .         Harm     .   (no gloves)
MR       +....     Clarity  +   q - +0 pair of boots
Stlth    +.........             (no amulet)
HPRegen  0.64/turn              (no ring)
MPRegen  0.13/turn              (no ring)

@: corroded
A: small, carnivore
a: Curse Item, Scrying, Renounce Religion


You were on level 11 of the Dungeon.
You worshipped Ashenzari.
Ashenzari was greatly pleased with you.
You were very full.

You visited 2 branches of the dungeon, and saw 15 of its levels.

You collected 1274 gold pieces.
You spent 52 gold pieces at shops.

Inventory:

Hand Weapons
 a - a +5 dagger of electrocution
 b - a +2 dagger of venom
 c - the +10 short sword of the Endless March (weapon) {pain, MR+}
   (You found it on level 12 of the Dungeon)

   In the hands of one skilled in necromantic magic, it inflicts extra damage on
   living creatures.
   It affects your resistance to hostile enchantments.
 u - a +0 short sword of holy wrath
 w - a +0 short sword of protection
 N - a +0 rapier
Armour
 e - a +2 hat (worn)
 q - a +0 pair of boots (worn)
 y - a +2 cloak (worn)
 P - a +0 chain mail of poison resistance
 R - a +2 troll leather armour (worn) {Snorg}
Jewellery
 M - an uncursed ring of fire
Wands
 k - a wand of digging (4)
 l - a wand of scattershot (7)
 n - a wand of polymorph (3)
 s - a wand of random effects (15)
 t - a wand of clouds (1)
 G - a wand of acid (6)
 J - a wand of paralysis (14)
 O - a wand of iceblast (8)
Scrolls
 d - a scroll of holy word {unknown}
 g - 3 scrolls of magic mapping
 h - a scroll of fear
 i - 2 scrolls of enchant weapon
 m - 5 scrolls of immolation {unknown}
 o - 9 scrolls of remove curse
 B - 2 scrolls of brand weapon {unknown}
 C - 4 scrolls of blinking {unknown}
 D - a scroll of summoning
 E - 2 scrolls of noise {unknown}
 H - 7 scrolls of teleportation
 I - a scroll of amnesia
 K - 3 scrolls of enchant armour {unknown}
 T - a scroll of acquirement
Potions
 j - 2 potions of haste
 p - 3 potions of agility
 r - 2 potions of lignification
 v - 2 potions of brilliance
 z - a potion of magic
 A - a potion of cancellation
 F - a potion of invisibility
 L - a potion of berserk rage {unknown}
 Q - 2 potions of heal wounds
 U - 5 potions of curing
Comestibles
 f - 31 rations


   Skills:
 + Level 13.2 Fighting
 + Level 15.4 Short Blades
 - Level 2.1 Throwing
 + Level 7.4 Armour
 + Level 14.3 Dodging
 + Level 0.0 Evocations


You had 12 spell levels left.
You didn't know any spells.
Your spell library contained the following spells:

 Spells                   Type           Power        Failure   Level  Hunger
 Animate Skeleton         Necr           N/A          43%         1    ##.....
 Infusion                 Chrm           #...         43%         1    ##.....
 Magic Dart               Conj           #...         43%         1    ##.....
 Pain                     Necr           #...         43%         1    ##.....
 Summon Small Mammal      Summ           #...         43%         1    ##.....
 Blink                    Tloc           N/A          58%         2    ###....
 Call Imp                 Summ           #.......     58%         2    ###....
 Corpse Rot               Necr/Air       N/A          58%         2    ###....
 Searing Ray              Conj           #.....       58%         2    ###....
 Shroud of Golubria       Chrm/Tloc      #.....       58%         2    ###....
 Slow                     Hex            #.......     58%         2    ###....
 Song of Slaying          Chrm           #.......     58%         2    ###....
 Sublimation of Blood     Necr           #.........   58%         2    ###....
 Call Canine Familiar     Summ           #.......     82%         3    ####...
 Conjure Flame            Conj/Fire      #.......     82%         3    ####...
 Dazzling Flash           Conj/Hex       #.....       82%         3    ####...
 Ignite Poison            Fire/Tmut/Pois #.......     82%         3    ####...
 Mephitic Cloud           Conj/Pois/Air  #.......     82%         3    ####...
 Regeneration             Chrm/Necr      #.........   82%         3    ####...
 Spectral Weapon          Hex/Chrm       #.......     82%         3    ####...
 Summon Guardian Golem    Hex/Summ       #.......     82%         3    ####...
 Vampiric Draining        Necr           #.........   82%         3    ####...
 Animate Dead             Necr           N/A          99%         4    #####..
 Fulminant Prism          Conj/Hex       #.........   99%         4    #####..
 Iskenderun's Mystic Bla  Conj/Tloc      #.......     99%         4    #####..
 Summon Ice Beast         Ice/Summ       #.......     99%         4    #####..
 Summon Lightning Spire   Summ/Air       #.......     99%         4    #####..
 Ignition                 Fire           #.........   100%        8    #######


Dungeon Overview and Level Annotations

Branches:
Dungeon (14/15)            Temple (1/1) D:6            Lair (0/6) D:11
    Orc (0/2) D:9          Vaults (0/5) D:13

Altars:
Ashenzari
Cheibriados
Dithmenos
Elyvilon
Fedhas
Gozag
Hepliaklqana
Kikubaaqudgha
Makhleb
Nemelex Xobeh
Okawaru
Qazlal
Ru
Sif Muna
Trog
Uskayaw
Vehumet
Wu Jian
Xom
Yredelemnul
Zin
The Shining One
Beogh

Shops:
D:7 =*

Annotations:
D:11 exclusion: 2 oklob plants


Innate Abilities, Weirdness & Mutations

You are small and have problems with some larger weapons.
You are carnivorous and can eat meat at any time.


Message History

You hit the oklob plant but do no damage.
The oklob plant is moderately damaged.
You hit the oklob plant.
The oklob plant is moderately damaged.
The oklob plant spits acid at you. The splash of acid hits you!
You are splashed with acid!
You puncture the oklob plant!
The oklob plant is heavily damaged.
You hit the oklob plant.
The oklob plant is heavily damaged.
The oklob plant spits acid at you. The splash of acid hits you!
The acid corrodes you!
You are splashed with acid!
* * * LOW HITPOINT WARNING * * *
You puncture the oklob plant!
The oklob plant is severely damaged.
The oklob plant spits acid at you. The splash of acid hits you!
* * * LOW HITPOINT WARNING * * *
You are splashed with acid!
You die...

.#............#...≈...#..##'##..#
.'..............#...#.....[.(...#
.'......(......##...##......<..(.
.#.......###.#..PPPP...#.......(.
.'.......(...#≈..P>P..≈#.........
.#####'#.#...#..PPPP...#.........
......().#.....##PPP##...........
.....)(#.#.#....#...#............
...(().###.#..#.@.≈...#..........
...).......#...#######...........
...........#....#....#...........
...........###'##....#....#######
...........<.........#....#......
.....................###'##......
.................................
......###........................
####### #.......########.........


You could see 2 oklob plants.

Vanquished Creatures
  Rupert (D:12)
  Snorg (D:11)
  A fire dragon (D:14)
  A hydra (D:11)
  2 centaur warriors (D:13)
  Erica (D:11)
  5 two-headed ogres
  An ogre mage (D:13)
  2 tengu warriors
  A death knight (D:14)
  4 unseen horrors (D:12)
  An orc knight (D:12)
  2 ugly things (D:12)
  2 manticores
  A cyclops (D:12)
  Maurice (D:8)
  A gargoyle (D:14)
  A centaur skeleton (D:9)
  3 kobold demonologists
  A tengu conjurer (D:13)
  A meliai (shapeshifter) (D:13)
  2 trolls
  Grinder (D:5)
  A hornet (D:10)
  4 slime creatures (D:12)
  A centaur simulacrum (D:12)
  3 hippogriffs
  2 wyverns
  A vampire (D:11)
  A water elemental (D:11)
  2 basilisks (D:12)
  11 yaks
  Eustachio (D:4)
  A steam dragon (D:8)
  3 vampire mosquitoes
  2 acid dragons
  A soldier ant (D:12)
  Duvessa (D:5)
  An ice beast (D:8)
  2 phantoms
  A black bear (D:11)
  5 orc warriors
  6 sky beasts
  5 ogres
  10 centaurs
  A crocodile (D:11)
  6 big kobolds
  5 bullfrogs
  A wyvern zombie (D:12)
  Dowan (D:5)
  3 scorpions
  2 wyvern skeletons (D:12)
  5 wights
  4 killer bees (D:10)
  3 crimson imps
  3 howler monkeys
  A bullfrog zombie (D:12)
  2 centaur zombies
  2 hounds
  A bullfrog skeleton (D:13)
  6 orc priests
  5 jellies
  13 orc wizards
  8 iguanas
  12 worker ants
  Terence (D:2)
  2 killer bee zombies
  A hound skeleton (D:8)
  Robin (D:4)
  A worker ant zombie (D:5)
  7 gnolls
  A howler monkey skeleton (D:9)
  17 adders
  2 shadow imps
  An ooze (D:4)
  An adder zombie (D:6)
  3 adder skeletons
  3 worms
  3 dart slugs
  5 leopard geckos
  47 orcs
  A ball python (D:1)
  9 giant cockroaches
  14 goblins
  10 hobgoblins
  11 jackals
  7 quokkas
  8 bats
  6 frilled lizards
  A jackal zombie (D:8)
  27 kobolds
  A quokka skeleton (D:4)
  4 rats
381 creatures vanquished.

Vanquished Creatures (others)
  3 plants (D:12)
3 creatures vanquished.

Grand Total: 384 creatures vanquished

Notes
Turn   | Place    | Note
-------+----------+-------------------------------------------
     0 | D:1      | Borgoz the Kobold Gladiator began the quest for the Orb.
     0 | D:1      | Reached XP level 1. HP: 12/12 MP: 1/1
   289 | D:1      | Reached XP level 2. HP: 14/18 MP: 2/2
   574 | D:1      | Reached XP level 3. HP: 20/22 MP: 3/3
  1184 | D:2      | Found a sparkling altar of Nemelex Xobeh.
  1206 | D:2      | Reached XP level 4. HP: 10/28 MP: 4/4
  1721 | D:2      | Noticed Terence
  1752 | D:2      | Killed Terence
  1756 | D:2      | Reached skill level 5 in Short Blades
  1756 | D:2      | Reached skill level 1 in Armour
  2377 | D:2      | Reached XP level 5. HP: 29/32 MP: 5/5
  3236 | D:3      | Reached XP level 6. HP: 37/38 MP: 6/6
  3419 | D:3      | Reached skill level 5 in Dodging
  3716 | D:3      | Found a sacrificial altar of Ru.
  3794 | D:3      | Found a shimmering blue altar of Sif Muna.
  4078 | D:4      | Noticed Robin
  4131 | D:4      | Killed Robin
  4393 | D:4      | Reached skill level 6 in Short Blades
  4571 | D:4      | Reached XP level 7. HP: 44/44 MP: 7/7
  4664 | D:4      | Noticed Eustachio
  4687 | D:4      | Killed Eustachio
  4863 | D:4      | Found a bloodstained altar of Trog.
  4863 | D:4      | Found a glowing silver altar of Zin.
  4977 | D:4      | Reached skill level 5 in Fighting
  5123 | D:5      | Entered Level 5 of the Dungeon
  5123 | D:5      | Noticed Duvessa
  5123 | D:5      | Noticed Dowan
  5130 | D:5      | Killed Duvessa
  5130 | D:5      | Reached skill level 7 in Short Blades
  5130 | D:5      | Reached XP level 8. HP: 35/49 MP: 8/8
  5137 | D:5      | Killed Dowan
  5330 | D:5      | Noticed Grinder
  5351 | D:5      | Killed Grinder
  5623 | D:5      | Found a shattered altar of Ashenzari.
  5653 | D:5      | Became a worshipper of Ashenzari the Shackled
  6046 | D:6      | Reached skill level 8 in Short Blades
  6333 | D:6      | Found a staircase to the Ecumenical Temple.
  6340 | Temple   | Entered the Ecumenical Temple
  6730 | D:6      | Reached XP level 9. HP: 50/56 MP: 9/9
  6948 | D:7      | Found Yrchyr's Jewellery Boutique.
  7124 | D:7      | Found a faded altar of an unknown god.
  7124 | D:7      | Found a shimmering altar of Xom.
  7129 | D:7      | Found a burning altar of Makhleb.
  7131 | D:7      | Found a faded altar of an unknown god.
  7133 | D:7      | Found a basalt altar of Yredelemnul.
  7225 | D:7      | Noticed a hippogriff
  7235 | D:7      | Killed a hippogriff
  7235 | D:7      | Reached skill level 9 in Short Blades
  7553 | D:7      | Found Taenadu's Assorted Antiques.
  7561 | D:7      | Bought a scroll of identify for 52 gold pieces
  7618 | D:7      | Reached * piety under Ashenzari
  8408 | D:8      | Noticed a hippogriff
  8414 | D:8      | Killed a hippogriff
  8414 | D:8      | Reached XP level 10. HP: 50/64 MP: 10/10
  8495 | D:8      | Noticed Maurice
  8540 | D:8      | Killed Maurice
  8540 | D:8      | Reached skill level 10 in Short Blades
  8738 | D:8      | Found a shadowy altar of Dithmenos.
  8901 | D:8      | Found an ancient bone altar of Kikubaaqudgha.
  8979 | D:8      | Noticed a two-headed ogre
  8994 | D:8      | Killed a two-headed ogre
  9405 | D:9      | Reached skill level 10 in Dodging
  9450 | D:9      | Found a staircase to the Orcish Mines.
  9543 | D:9      | Found a roughly hewn altar of Beogh.
  9572 | D:9      | Reached skill level 11 in Short Blades
 10342 | D:9      | Reached XP level 11. HP: 70/71 MP: 11/11
 10355 | D:9      | Reached ** piety under Ashenzari
 10542 | D:9      | Reached skill level 5 in Armour
 10822 | D:10     | Entered Level 10 of the Dungeon
 11056 | D:10     | Reached skill level 10 in Fighting
 11192 | D:10     | Reached skill level 12 in Short Blades
 11320 | D:10     | Noticed a two-headed ogre
 11331 | D:10     | Killed a two-headed ogre
 12205 | D:11     | Noticed an oklob plant
 12402 | D:11     | Noticed Erica
 12437 | D:11     | Killed Erica
 12788 | D:11     | Noticed Snorg
 12794 | D:11     | Noticed a manticore
 12802 | D:11     | Killed Snorg
 12807 | D:11     | Killed a manticore
 13203 | D:11     | Noticed an oklob plant
 13221 | D:11     | Found a staircase to the Lair.
 13368 | D:11     | Noticed a seven-headed hydra
 13394 | D:11     | Killed a seven-headed hydra
 13394 | D:11     | Reached XP level 12. HP: 48/79 MP: 12/12
 13656 | D:11     | Reached skill level 13 in Short Blades
 13862 | D:12     | Noticed Rupert
 13876 | D:12     | Killed Rupert
 14140 | D:12     | Noticed an unseen horror
 14146 | D:12     | Killed an unseen horror
 14214 | D:12     | Reached *** piety under Ashenzari
 14220 | D:12     | Noticed a two-headed ogre
 14237 | D:12     | Killed a two-headed ogre
 14467 | D:12     | Noticed an unseen horror
 14477 | D:12     | Killed an unseen horror
 14562 | D:12     | Reached skill level 14 in Short Blades
 14676 | D:12     | Noticed an unseen horror
 14693 | D:12     | Killed an unseen horror
 14705 | D:12     | Found a blossoming altar of Fedhas.
 14746 | D:12     | Reached XP level 13. HP: 67/86 MP: 13/13
 14790 | D:12     | Identified the Reference Book on the Lethal Blaze
 15225 | D:12     | Identified a scroll of acquirement
 15286 | D:12     | Got the short sword of the Endless March {pain, MR+}
 15287 | D:12     | Identified the +10 short sword of the Endless March {pain,
                  | MR+} (You found it on level 12 of the Dungeon)
 15530 | D:13     | Found a gate to the Vaults.
 15530 | D:13     | Noticed a centaur warrior
 15541 | D:13     | Killed a centaur warrior
 15855 | D:13     | Reached skill level 15 in Short Blades
 16123 | D:13     | Noticed a centaur warrior
 16136 | D:13     | Killed a centaur warrior
 16575 | D:14     | Reached **** piety under Ashenzari
 16656 | D:14     | Noticed a centaur warrior
 16666 | D:14     | Noticed a frost giant
 16666 | D:14     | Noticed a centaur warrior
 16667 | D:14     | Noticed a fire dragon
 16872 | D:14     | Noticed a fire dragon
 16884 | D:14     | Killed a fire dragon
 17341 | D:11     | Splashed by an oklob plant's acid

Levels and vault maps discovered:
D:1:      scummos_arrival_gate, layout_basic,
          wander_ebering_terrifying_dragon_lair
D:2:      wad_crossroads, layout_loops_ring, nemelex_xobeh_ov_fountains_minmay,
          uniq_terence
D:3:      layout_basic, led_sif_pool, st_stairs_6, nicolae_ru_path_of_blood
D:4:      minmay_polygon_palace, layout_loops_ring,
          gammafunk_temple_overflow_wave, uniq_eustachio, uniq_robin
D:5:      layout_loops_cross, cheibrodos_ashenzari_chains, first_ration,
          chequers_serial_rivers_small_a, uniq_duvessa, uniq_grinder
D:6:      layout_basic, temple_green
D:7:      layout_gridville, chequers_temple_overflow_minitemple, serial_shops,
          shop_statue, nicolae_shop_waterfront, grunt_ogre_cave
D:8:      layout_cave_pods, kiku_gazebo_garden_becter,
          nicolae_dithmenos_the_darkroom, uniq_maurice
D:9:      layout_roguey, minmay_orc_entry_temple_small
D:10:     layout_stronghold
D:11:     layout_irregular_city, dpeg_oklobed_lair, nrook_pool_corridor,
          uniq_snorg, uniq_erica
D:12:     minmay_the_grid_four_pointed_star_mashed
          [minmay_the_grid_triangle_9x9_warning,
          minmay_the_grid_triangle_9x9_skeleton,
          minmay_the_grid_triangle_9x9_shrine,
          minmay_the_grid_triangle_9x9_semitri,
          minmay_the_grid_prize_trominoes], layout_basic, uniq_rupert
D:13:     layout_stronghold, david_vaults_2
D:14:     minmay_bloctagon, layout_long_grid, serial_park_tiny_pond
Temple:   nicolae_temple_figure_eight

Skill      XL: |  1  2  3  4  5  6  7  8  9 10 11 12 13 |
---------------+----------------------------------------+-----
Dodging        | 4 5 6 7 9 10 11 13 14 | 14.3
Fighting       | 3 4 5 6 8 9 10 12 13 | 13.2
Short Blades   | 5 6 7 8 9 11 12 14 15 | 15.4
Armour         | 1 2 3 4 5 6 7 |  7.4
Throwing       | |  2.1

Action                   |  1- 3 |  4- 6 |  7- 9 | 10-12 | 13-15 || total
-------------------------+-------+-------+-------+-------+-------++-------
Melee: Dagger            |   176 |    56 |   404 |   833 |    72 ||  1541
       Rapier            |       |   265 |       |       |       ||   265
       Unarmed           |       |       |       |    10 |       ||    10
       Short sword       |       |       |       |       |   318 ||   318
Throw: Throwing net      |       |     3 |       |     3 |       ||     6
Invok: Curse Item        |       |       |     1 |       |       ||     1
Evoke: Wand              |       |       |       |    11 |       ||    11
  Use: Scroll            |     4 |     4 |     6 |     3 |     6 ||    23
       Potion            |       |     1 |     2 |     3 |     3 ||     9
 Stab: Confused          |       |       |       |     6 |       ||     6
       Held in net/web   |       |       |       |     2 |       ||     2
       Invisible         |       |       |       |       |     6 ||     6
  Eat: Chunk             |     9 |    11 |    13 |    20 |     7 ||    60
Armor: Leather armour    |    20 |       |       |       |       ||    20
       Ring mail         |    22 |    72 |    63 |    66 |       ||   223
       Troll leather arm |       |       |       |    57 |    37 ||    94
       Chain mail        |       |       |       |       |    27 ||    27
Dodge: Dodged            |   122 |   238 |   261 |   533 |   275 ||  1429

Table legend:
 A = Non-vault XP
 B = Vault XP
 C = Vault XP percentage of total XP
 D = Non-vault monster count
 E = Vault monster count
 F = Vault count percentage of total count
                 A         B        C        D         E       F
            +---------+---------+-------+---------+---------+-------
      Total |   27339 |   16892 |  38.2 |     307 |      74 |  19.4
            +---------+---------+-------+---------+---------+-------
        D:1 |      34 |       1 |   2.9 |      17 |       1 |   5.6
        D:2 |      79 |      64 |  44.8 |      25 |       5 |  16.7
        D:3 |     126 |       6 |   4.5 |      26 |       3 |  10.3
        D:4 |     263 |     360 |  57.8 |      11 |      25 |  69.4
        D:5 |     100 |     523 |  83.9 |      10 |       3 |  23.1
        D:6 |     553 |       0 |   0.0 |      17 |       0 |   0.0
        D:7 |    1295 |     116 |   8.2 |      30 |       1 |   3.2
        D:8 |    1853 |     508 |  21.5 |      15 |       1 |   6.2
        D:9 |    2260 |     608 |  21.2 |      23 |      11 |  32.4
       D:10 |    2915 |       0 |   0.0 |      44 |       0 |   0.0
       D:11 |    3021 |    2091 |  40.9 |      27 |       2 |   6.9
       D:12 |    6121 |    7238 |  54.2 |      25 |      15 |  37.5
       D:13 |    5813 |    2702 |  31.7 |      23 |       3 |  11.5
       D:14 |    2906 |    2675 |  47.9 |      14 |       4 |  22.2
            +---------+---------+-------+---------+---------+-------
